 Dungeon Crawl Stone Soup version 0.30-a0-757-ga6a79fd877 (webtiles) character file.

Game seed: 16144530700457609785

384 hikkokomori the Digger (level 7, -1/59 HPs)
             Began as a Meteoran Earth Elementalist on Feb 10, 2023.
             Slain by a scorpion (5 damage)
             ... on level 5 of the Dungeon.
             The game lasted 00:05:16 (2061 turns).

hikkokomori the Digger (MeEE)                       Turns: 2061, Time: 00:05:16

Health: -1/59      AC:  4    Str:  9    XL:     7   Next: 27%
Magic:  3/12       EV: 12    Int: 18    God:
Gold:   187        SH:  0    Dex: 16    Spells: 5/11 levels left

rFire   . . .      SeeInvis .    o - +0 dagger (drain)
rCold   . . .      Faith    .    m - orb {light}
rNeg    + + .      Spirit   .    c - +0 leather armour {rN+}
rPois   .          Reflect  .    (no helmet)
rElec   .          Harm     .    s - +0 cloak
rCorr   .          Rampage  .    (no gloves)
Will    .....                    (no boots)
Stlth   +                        (no amulet)
HPRegen 0.29/turn                n - ring of positive energy
MPRegen 0.13/turn                (no ring)

@: lethally poisoned (-1 -> -3), glowing
A: sense surroundings 1, otherworldly, glowing, explore regen
a: no special abilities


You were on level 5 of the Dungeon.
You visited 1 branch of the dungeon, and saw 5 of its levels.

You collected 187 gold pieces.

Inventory:

Hand Weapons
 o - a +0 dagger of draining (weapon)
Missiles
 q - 2 throwing nets
Armour
 a - a +0 robe
 c - a +0 leather armour of positive energy (worn)
 m - an orb of light (worn)
 s - a +0 cloak (worn)
Jewellery
 n - a ring of positive energy (left hand)
 u - a ring of fire
Wands
 v - a wand of acid (1)
Scrolls
 f - 2 scrolls of fear {unknown}
 h - a scroll of silence {unknown}
 i - 5 scrolls of identify {unknown}
 j - a scroll of noise {unknown}
 l - 3 scrolls of teleportation {unknown}
 p - a scroll of butterflies {unknown}
 t - 4 scrolls of poison {unknown}
 y - a scroll of enchant weapon {unknown}
Potions
 b - 2 potions of magic
 d - a potion of curing
 e - a potion of flight {unknown}
 g - a potion of mutation {unknown}
 k - a potion of heal wounds {unknown}
 r - a potion of degeneration {unknown}
 w - a potion of cancellation {unknown}
 x - a potion of berserk rage {unknown}
 z - a potion of brilliance {unknown}


   Skills:
 + Level 4.0 Fighting
 + Level 0.9 Short Blades
 - Level 2.4 Dodging
 - Level 1.4 Stealth
 - Level 2.6 Spellcasting
 + Level 2.8 Conjurations
 + Level 3.1 Transmutations
 + Level 5.9 Earth Magic


You had 5 spell levels left.
You knew the following spells:

 Your Spells              Type           Power      Damage    Failure   Level
a - Sandblast             Erth           46%        2d11      1%          1
b - Wereblood             Tmut           13%        N/A       10%         2
c - Stone Arrow           Conj/Erth      36%        3d9       12%         3

Your spell library contained the following spells:

 Spells                   Type           Power      Damage    Failure   Level
 Passwall                 Tmut/Erth      15%        N/A       5%          2
 Beastly Appendage        Tmut           26%        N/A       6%          1
 Lesser Beckoning         Tloc           4%         N/A       34%         2
 Spider Form              Tmut/Pois      8%         N/A       36%         3
 Petrify                  Tmut/Erth      18%        N/A       36%         4
 Gell's Gravitas          Tloc           2%         N/A       56%         3
 Teleport Other           Tloc           2%         N/A       56%         3
 Dispersal                Tloc           1%         N/A       100%        6


Dungeon Overview and Level Annotations

Branches:
Dungeon (5/15) Zot: 922
 Temple: D:4-7

Altars:
Dithmenos
Makhleb
Qazlal


Innate Abilities, Weirdness & Mutations

You passively map a small area around you.
You are easily found by Zot.
You glow in the dark.
You regain HP and MP as you explore.


Message History

Aiming: Sandblast (safe; 1% risk of failure)
Press: ? - help, Shift-Dir - straight line, f - scorpion
Aim: a scorpion (haloed, 87% to hit)
The blast of sand hits the scorpion but does no damage.
You feel very sick. The scorpion barely misses you.
Your magical contamination has completely faded away.
Unknown command.
Casting: Sandblast (safe; 1% risk of failure)
Confirm with . or Enter, or press ? or * to list all spells.
Aiming: Sandblast (safe; 1% risk of failure)
Press: ? - help, Shift-Dir - straight line, f/p - scorpion
Aim: a scorpion (haloed, 87% to hit)
The blast of sand hits the scorpion!
The scorpion is heavily wounded.
You feel sick. The scorpion stings you!
* * * LOW HITPOINT WARNING * * *
The scorpion closely misses you.
Casting: Sandblast (safe; 1% risk of failure)
Confirm with . or Enter, or press ? or * to list all spells.
Aiming: Sandblast (safe; 1% risk of failure)
Press: ? - help, Shift-Dir - straight line, f/p - scorpion
Aim: a scorpion (heavily wounded, haloed, 87% to hit)
The blast of sand hits the scorpion.
The scorpion is severely wounded.
You feel sick. The scorpion stings you.
* * * LOW HITPOINT WARNING * * *
The scorpion stings you.
* * * LOW HITPOINT WARNING * * *
Casting: Sandblast (safe; 1% risk of failure)
Confirm with . or Enter, or press ? or * to list all spells.
Aiming: Sandblast (safe; 1% risk of failure)
Press: ? - help, Shift-Dir - straight line, f/p - scorpion
Aim: a scorpion (severely wounded, haloed, 87% to hit)
The blast of sand hits the scorpion.
The scorpion is severely wounded.
You feel sick.
The scorpion stings you but does no damage.
The scorpion stings you.
You die...

* , , , , , ,
..... , * ,
.....
#####+##......
#......#...... *
##......#......
,
#...<..........
, #.....#.....##
* ,
#.....#.@...# ,
#.......s......#
#######........#
, * ,,,,,
#.$......# * , ,
,#........# ,
...##..... , *
#... ..... ,, *
.... ..... , ,


You could see a scorpion.

Vanquished Creatures
  A black bear (D:5)
  A scorpion (D:4)
  A hound (D:4)
  2 orc priests (D:4)
  Jessica (D:2)
  An iguana (D:4)
  An orc wizard (D:4)
  4 worms (D:3)
  A dart slug (D:3)
  8 orcs
  2 bats (D:1)
  6 endoplasms
  2 giant cockroaches
  6 goblins
  3 hobgoblins
  A quokka (D:2)
  3 ball pythons (D:1)
  2 frilled lizards
  6 kobolds
  4 rats
56 creatures vanquished.

Notes
Turn   | Place    | Note
-------+----------+-------------------------------------------
     0 | D:1      | hikkokomori the Meteoran Earth Elementalist began the quest
                  | for the Orb.
     0 | D:1      | Reached XP level 1. HP: 14/14 MP: 5/5
   104 | D:1      | Reached XP level 2. HP: 22/22 MP: 0/6
   143 | D:1      | Reached skill level 1 in Fighting
   146 | D:1      | Reached skill level 4 in Earth Magic
   279 | D:1      | Reached XP level 3. HP: 28/28 MP: 6/8
   544 | D:2      | Identified the +1 robe of Grim Beauty {rElec rF+}
   568 | D:2      | Noticed Jessica
   582 | D:2      | Killed Jessica
   583 | D:2      | Reached XP level 4. HP: 28/37 MP: 9/9
   996 | D:3      | Found a shadowy altar of Dithmenos.
  1107 | D:3      | Reached skill level 5 in Earth Magic
  1230 | D:3      | Found a burning altar of Makhleb.
  1270 | D:3      | Found a stormy altar of Qazlal.
  1341 | D:3      | Learned a level 2 spell: Wereblood
  1345 | D:3      | Learned a level 3 spell: Stone Arrow
  1556 | D:3      | Found a faded altar of an unknown god.
  1687 | D:3      | Glimpsed the power of Zot.
  1723 | D:4      | Reached XP level 5. HP: 42/44 MP: 10/10
  1749 | D:4      | Reached skill level 1 in Conjurations
  1776 | D:4      | Reached XP level 6. HP: 11/51 MP: 11/11
  2041 | D:5      | Entered Level 5 of the Dungeon
  2041 | D:5      | Noticed a black bear
  2055 | D:5      | Killed a black bear
  2056 | D:5      | Reached XP level 7. HP: 12/59 MP: 6/12
  2061 | D:5      | Slain by a scorpion

Illustrated notes

Levels and vault maps discovered:
D:1:      nzn_arrival_crosshair, layout_rooms,
          nicolae_concentric_dashed_squares_mild
D:2:      layout_basic, uniq_jessica
D:3:      layout_basic, nicolae_qazlal_scattered_showers, grunt_dithmenos_smoke,
          mainiacjoe_overflow_24_doors, ebering_ecumenical_altar_petrified
D:4:      layout_basic, st_stairs_6, kennysheep_big_empty_room,
          uniq_blork_the_orc
D:5:      layout_basic, uniq_crazy_yiuf_cottage, uniq_edmund, uniq_sigmund

Skill      XL: |  1  2  3  4  5  6 |
---------------+-------------------+-----
Fighting       | 1 2 3 4 |  4.0
Earth Magic    | 4 5 |  5.9
Conjurations   | 1 2 |  2.8
Transmutations | 2 3 |  3.1
Short Blades   | |  0.9
Dodging        | |  2.4
Stealth        | |  1.4
Spellcasting   | |  2.6

Action                     |  1- 3 |  4- 6 |  7- 9 || total
---------------------------+-------+-------+-------++-------
  Melee: Dagger            |     9 |   135 |       ||   144
   Cast: Sandblast         |    28 |     3 |     4 ||    35
  Evoke: Wand              |       |     2 |       ||     2
    Use: Potion            |       |       |     2 ||     2
 Armour: Leather armour    |     2 |    34 |     1 ||    37
  Dodge: Dodged            |     7 |    67 |     3 ||    77

Table legend: (Time is in decaauts)
 A = Elapsed time spent in this place.
 B = Non-inter-level travel time spent in this place.
 C = Inter-level travel time spent in this place.
 D = Time resting spent in this place.
 E = Time spent auto-exploring this place.
 F = Levels seen in this place.
 G = Mean time per level.
                   A        B        C        D        E       F      G
               +--------+--------+--------+--------+--------+-----+--------+
         Total |   2076 |   1993 |     83 |      0 |   1324 |   5 |  415.2 |
       Dungeon |   2076 |   1993 |     83 |      0 |   1324 |   5 |  415.2 |
               +--------+--------+--------+--------+--------+-----+--------+

Top non-repeatable levels by time:
     D:3: 790 daAuts
     D:1: 495 daAuts
     D:2: 441 daAuts
     D:4: 325 daAuts
     D:5: 22 daAuts
